 Dungeon Crawl Stone Soup version 0.27-a0-512-g57cc695410 (webtiles) character file.

Game seed: 729136381731184884

84 kae the Chopper (level 4, 0/41 HPs)
             Began as a Hill Orc Fighter on Mar 3, 2021.
             Slain by an orc
             ... wielding a +0 war axe
              (8 damage)
             ... on level 4 of the Dungeon.
             The game lasted 00:00:55 (2462 turns).

kae the Chopper (Hill Orc Fighter)                  Turns: 2462, Time: 00:00:56

Health: 0/41       AC:  6    Str: 17 (19) XL:     4   Next: 46%
Magic:  4/4        EV:  7    Int:  5 (8)  God:
Gold:   85         SH:  8    Dex:  7 (10) Spells: 3/3 levels left

rFire    . . .     SeeInvis .   a - +0 war axe
rCold    . . .     Faith    .   c - +0 kite shield
rNeg     . . .     Spirit   .   b - +0 scale mail
rPois    .         Reflect  .   (no helmet)
rElec    .         Harm     .   (no cloak)
rCorr    .         Rampage  .   (no gloves)
Will     .....                  (no boots)
Stlth    ..........             (no amulet)
HPRegen  0.13/turn              (no ring)
MPRegen  0.09/turn              (no ring)

@: brilliant
A: no striking features
a: no special abilities


You were on level 4 of the Dungeon.
You visited 1 branch of the dungeon, and saw 5 of its levels.

You collected 85 gold pieces.

Inventory:

Hand Weapons
 a - a +0 war axe (weapon)
Armour
 b - a +0 scale mail (worn)
 c - a +0 kite shield (worn)
Scrolls
 f - 2 scrolls of random uselessness {unknown}
 g - 5 scrolls of identify {unknown}
 i - a scroll of amnesia {unknown}
 j - a scroll of fog {unknown}
 l - a scroll of enchant weapon {unknown}
 m - a scroll of fear {unknown}
Potions
 d - a potion of might
 e - a potion of curing


   Skills:
 + Level 4.6 Fighting
 * Level 5.2 Axes
 - Level 3.2 Armour
 - Level 3.2 Shields


You had 3 spell levels left.
You didn't know any spells.
Your spell library was empty.

Dungeon Overview and Level Annotations

Branches:
Dungeon (5/15)
 Temple: D:4-7

Altars:


Message History

The orc throws a boomerang.
The boomerang hits you.
An orc and an orc wizard come into view.
The orc wizard shouts!
The orc shouts!
The orc priest invokes the aid of Beogh against you.
Beogh smites you!
An orc comes into view. It is wielding a +0 flail.
The orc throws a boomerang.
You block the boomerang.
The orc wizard gestures at you while chanting.
The puff of flame hits you!
The orc priest calls down the wrath of Beogh upon you.
Beogh smites you!
* * * LOW HITPOINT WARNING * * *
There is a stone staircase leading up here.
The orc wizard gestures at you while chanting.
The magic dart hits you.
* * * LOW HITPOINT WARNING * * *
You climb upwards.
The leopard gecko hisses angrily.
Found a potion of might.
There is a stone staircase leading down here.
It was a potion of curing.
You feel better.
An orc comes into view. It is wielding a +0 war axe.
It was a potion of degeneration.
There was something very wrong with that liquid.
You feel weakened.
You feel dopey.
You feel clumsy.
It was a potion of cancellation.
You feel magically purged.
It was a potion of brilliance.
You feel clever all of a sudden. You block the leopard gecko's attack.
You hit the leopard gecko.
The leopard gecko is severely wounded.
You block the leopard gecko's attack. The leopard gecko bites you.
* * * LOW HITPOINT WARNING * * *
You miss the leopard gecko.
The leopard gecko is severely wounded.
You completely miss the orc. The leopard gecko bites you.
* * * LOW HITPOINT WARNING * * *
You block the orc's attack. You block the leopard gecko's attack.
The orc hits you with a +0 war axe!
You die...

# # # #. .#
#.#.### .#
.......##.#
#.#.......#
..........#
.......@..#
....!#l#o......
... #. .......
. .. .......
... .######
##.. ## ... #.#


You could see an orc and a leopard gecko.

Vanquished Creatures
  Terence (D:2)
  2 adders (D:2)
  2 worms (D:3)
  A dart slug (D:2)
  A leopard gecko (D:2)
  An orc (D:3)
  3 bats
  2 giant cockroaches
  3 goblins (D:1)
  4 hobgoblins
  2 frilled lizards (D:3)
  5 kobolds
  6 rats
33 creatures vanquished.

Notes
Turn   | Place    | Note
-------+----------+-------------------------------------------
     0 | D:1      | kae the Hill Orc Fighter began the quest for the Orb.
     0 | D:1      | Reached XP level 1. HP: 19/19 MP: 1/1
   101 | D:1      | Reached skill level 3 in Axes
   249 | D:1      | Reached XP level 2. HP: 27/27 MP: 2/2
   961 | D:2      | Reached skill level 4 in Axes
   961 | D:2      | Reached XP level 3. HP: 27/33 MP: 3/3
  1270 | D:2      | Noticed Terence
  1286 | D:2      | Killed Terence
  1287 | D:2      | Reached XP level 4. HP: 23/41 MP: 4/4
  1835 | D:2      | Reached skill level 5 in Axes
  2447 | D:3      | You fall into a shaft and drop 2 floors!
  2447 | D:5      | Entered Level 5 of the Dungeon
  2455 | D:5      | HP: 1/41 [orc wizard/magic dart (4)]
  2462 | D:4      | Slain by an orc

Illustrated notes

Levels and vault maps discovered:
D:1:      minmay_arrival_hallway, layout_loops_corners
D:2:      layout_basic, uniq_terence
D:3:      layout_basic, gup_sewer_entry_bubbles, kennysheep_minor_cross
D:4:      layout_loops_cross, serial_shops, nicolae_shop_crystal
D:5:      layout_gridville, chequers_serial_rivers_small_a

Skill      XL: |  1  2  3  4 |
---------------+-------------+-----
Axes           | 3 4 5 |  5.2
Fighting       | 4 |  4.6
Armour         | |  3.2
Shields        | |  3.2

Action                   |  1- 3 |  4- 6 || total
-------------------------+-------+-------++-------
Melee: War axe           |    77 |    34 ||   111
  Use: Potion            |       |     4 ||     4
Armor: Scale mail        |    29 |     9 ||    38
Dodge: Dodged            |    31 |     5 ||    36
Block: Kite shield       |    38 |    17 ||    55

Table legend: (Time is in decaauts)
 A = Elapsed time spent in this place.
 B = Non-inter-level travel time spent in this place.
 C = Inter-level travel time spent in this place.
 D = Time resting spent in this place.
 E = Time spent auto-exploring this place.
 F = Levels seen in this place.
 G = Mean time per level.
                   A        B        C        D        E       F      G
               +--------+--------+--------+--------+--------+-----+--------+
         Total |   2519 |   2458 |     61 |      0 |   2167 |   5 |  503.8 |
       Dungeon |   2519 |   2458 |     61 |      0 |   2167 |   5 |  503.8 |
               +--------+--------+--------+--------+--------+-----+--------+

Top non-repeatable levels by time:
     D:2: 1326 daAuts
     D:1: 868 daAuts
     D:3: 308 daAuts
     D:5: 8 daAuts
     D:4: 6 daAuts
